 Dungeon Crawl Stone Soup version 0.30-a0-51-g784eafce7f (webtiles) character file.

Game seed: 14957413535254291398

3280 Newt the Trooper (level 9, -2/71 HPs)
             Began as a Demonspawn Gladiator on Sept 5, 2022.
             Succumbed to a killer bee's poison
             ... on level 7 of the Dungeon.
             The game lasted 00:15:11 (11172 turns).

Newt the Trooper (Demonspawn Gladiator)            Turns: 11172, Time: 00:15:12

Health: -2/71      AC:  6    Str: 18    XL:     9   Next: 69%
Magic:  2/9        EV: 14    Int: 16    God:
Gold:   410        SH:  0    Dex: 15    Spells: 8/8 levels left

rFire   + . .      SeeInvis .    a - +4 short sword (venom)
rCold   . . .      Faith    .    (no shield)
rNeg    . . .      Spirit   +    d - +0 leather armour
rPois   .          Reflect  .    (helmet restricted)
rElec   .          Harm     .    A - +0 cloak
rCorr   .          Rampage  .    y - +0 pair of gloves
Will    .....                    (no boots)
Stlth   +++.......               o - amulet of guardian spirit
HPRegen 0.21/turn                n - +6 ring of intelligence
MPRegen 0.22/turn                v - ring of protection from fire

@: lethally poisoned (-2 -> -32), studying 3 skills
A: antennae 2, magic regeneration, sharp scales 1, demonic magic 2
a: no special abilities


You were on level 7 of the Dungeon.
You visited 1 branch of the dungeon, and saw 7 of its levels.
You also visited: Bailey.

You collected 1290 gold pieces.
You spent 880 gold pieces at shops.

Inventory:

Hand Weapons
 a - a +4 short sword of venom (weapon)
 b - a +4 great sword
 k - a +1 short sword of protection
 t - a +0 rapier
Missiles
 f - 11 poisoned darts
 q - 11 boomerangs (quivered)
Armour
 c - a +0 helmet
 d - a +0 leather armour (worn)
 h - a +0 ring mail
 y - a +0 pair of gloves (worn)
 A - a +0 cloak (worn)
Jewellery
 l - a ring of positive energy
 n - a +6 ring of intelligence (left hand)
 o - an amulet of guardian spirit (around neck)
 p - a ring of see invisible
 v - a ring of protection from fire (right hand)
Scrolls
 e - 2 scrolls of enchant armour
Potions
 g - a potion of resistance
 i - a potion of mutation
 j - 3 potions of curing {unknown}
 m - a potion of might {unknown}
 r - a potion of degeneration {unknown}
 s - a potion of heal wounds
 u - a potion of brilliance {unknown}


   Skills:
 + Level 6.6 Fighting
 - Level 6.0(6.7) Short Blades
 - Level 4.5(6.0) Long Blades
 - Level 1.7 Throwing
 - Level 4.0 Armour
 - Level 5.0 Dodging
 - Level 6.0 Stealth
 - Level 5.0 Evocations


You had 8 spell levels left.
You didn't know any spells.
Your spell library contained the following spells:

 Spells                   Type           Power      Damage    Failure   Level
 Blink                    Tloc           0%         N/A       41%         2
 Gell's Gravitas          Tloc           0%         N/A       65%         3
 Teleport Other           Tloc           0%         N/A       65%         3
 Manifold Assault         Tloc           0%         N/A       100%        5
 Dispersal                Tloc           0%         N/A       100%        6
 Storm Form               Tmut/Air       0%         N/A       100%        7


Dungeon Overview and Level Annotations

Branches:
Dungeon (7/15)             Bailey (visited)
 Temple: D:4-7

Altars:
Xom

Shops:
D:2 ::   D:6 (


Innate Abilities, Weirdness & Mutations

You have a pair of antennae on your head.
You regenerate magic rapidly.
You are partially covered in razor-sharp scales. (AC +1, Slay +1)
Spells you cast may paralyse nearby enemies.


Message History

The killer bee misses you.
You feel much better.
You feel sick.
The killer bee stings you but does no damage.
The killer bee closely misses you. x2; The killer bee barely misses you.
The killer bee stings you.
You are more poisoned.
The killer bee poisons you!
The killer bee stings you but does no damage.
The killer bee closely misses you. The killer bee barely misses you.
Okay, then.
The killer bee attacks as you move away!
The killer bee closely misses you.
You feel very sick. The killer bee stings you.
You are more poisoned.
The killer bee poisons you! The killer bee completely misses you.
The killer bee stings you.
* * * LOW HITPOINT WARNING * * *
You are more poisoned.
The killer bee poisons you!
The killer bee stings you but does no damage.
The killer bee attacks as you move away!
The killer bee barely misses you.
The killer bee attacks as you move away!
The killer bee barely misses you.
* * * LOW HITPOINT WARNING * * *
You feel extremely sick.
The killer bee stings you but does no damage. x2
The killer bee closely misses you.
The killer bee attacks as you move away!
The killer bee stings you!
* * * LOW HITPOINT WARNING * * *
You are more poisoned.
The killer bee poisons you!
The killer bee attacks as you move away!
The killer bee stings you.
* * * LOW HITPOINT WARNING * * *
The killer bee attacks as you move away!
The killer bee closely misses you.
You die...

#................#
..###..##..)........#
............8..^∩...8##
.####.................#
#.................###
#.........8.....8....#
#.....:....yy........#
............y..8.....##
#......##...y.@..<####
............##.####
...........##..#
..###.##...#..# #.
.......# . ...#.....
...# ..#.. ...#..


You could see 4 killer bees.

Vanquished Creatures
  Pikel (D:5)
  8 orc warriors (Bailey)
  4 water moccasins
  A black bear (D:5)
  4 ogres
  3 lemures
  A necrophage (D:4)
  2 scorpions (D:5)
  5 wights
  A killer bee (D:7)
  4 hounds
  2 jellies
  3 orc priests
  A gnoll bouda (D:5)
  6 orc wizards
  12 adders
  9 gnolls
  A shadow imp (D:6)
  An ufetubus (D:5)
  3 worms
  6 dart slugs
  22 orcs
  8 ball pythons
  8 endoplasms
  3 giant cockroaches
  3 goblins
  7 hobgoblins
  5 quokkas
  9 bats
  2 frilled lizards
  8 kobolds
  4 rats
157 creatures vanquished.

Notes
Turn   | Place    | Note
-------+----------+-------------------------------------------
     0 | D:1      | Newt the Demonspawn Gladiator began the quest for the Orb.
     0 | D:1      | Reached XP level 1. HP: 16/16 MP: 1/1
   166 | D:1      | Reached skill level 1 in Stealth
   222 | D:1      | Gained mutation: You are partially covered in razor-sharp
                  | scales. (AC +1, Slay +1) [demonic ancestry]
   222 | D:1      | Reached XP level 2. HP: 15/22 MP: 2/2
   550 | D:1      | Found a faded altar of an unknown god.
   758 | D:2      | Gained mutation: Spells you cast may paralyse adjacent
                  | enemies. [demonic ancestry]
   758 | D:2      | Reached XP level 3. HP: 24/28 MP: 3/3
   999 | D:2      | Found Fimatyrch's Book Shoppe.
  1101 | D:2      | Reached XP level 4. HP: 37/37 MP: 4/4
  1739 | D:2      | Found Gejoi's Vocational Training.
  1940 | D:3      | Gained mutation: You regenerate magic rapidly. [demonic
                  | ancestry]
  1940 | D:3      | Reached XP level 5. HP: 35/42 MP: 5/5
  2497 | D:3      | Noticed an ogre
  2520 | D:3      | Killed an ogre
  2521 | D:3      | Gained mutation: Spells you cast may paralyse nearby
                  | enemies. [demonic ancestry]
  2521 | D:3      | Reached XP level 6. HP: 32/48 MP: 6/6
  2879 | D:3      | Reached skill level 5 in Short Blades
  3076 | D:3      | Found a shimmering altar of Xom.
  3078 | D:3      | Found a bloodstained altar of Trog.
  3078 | D:3      | Found an iron altar of Okawaru.
  3084 | D:3      | Found a basalt altar of Yredelemnul.
  3084 | D:3      | Found a blossoming altar of Fedhas.
  3084 | D:3      | Found a stormy altar of Qazlal.
  4192 | D:4      | Reached XP level 7. HP: 54/54 MP: 7/7
  4440 | D:5      | Entered Level 5 of the Dungeon
  5149 | D:5      | Reached skill level 5 in Dodging
  5260 | D:5      | Reached skill level 1 in Armour
  5526 | D:5      | Gained mutation: You have a pair of small antennae on your
                  | head. [demonic ancestry]
  5526 | D:5      | Reached XP level 8. HP: 60/60 MP: 8/8
  5752 | D:5      | Identified a scroll of acquirement
  5752 | D:5      | Acquired 941 gold pieces
  5837 | D:2      | Bought a manual of Evocations for 880 gold pieces
  7881 | D:5      | Reached skill level 5 in Stealth
  8469 | D:6      | Found Feytin's Weapon Emporium.
  8485 | D:6      | Noticed Pikel
  8910 | D:5      | Killed Pikel
  8911 | D:5      | Reached skill level 5 in Evocations
  8911 | D:5      | Gained mutation: You have a pair of antennae on your head.
                  | [demonic ancestry]
  8911 | D:5      | Reached XP level 9. HP: 6/65 MP: 9/9
  9564 | D:7      | Found a flagged portal.
  9572 | Bailey   | Entered a bailey
 10565 | Bailey   | Reached skill level 5 in Fighting
 10833 | Bailey   | Noticed an orc knight
 10833 | Bailey   | Noticed an orc knight
 10833 | Bailey   | Noticed an orc knight
 11172 | D:7      | Succumbed to a killer bee's poison

Illustrated notes

Levels and vault maps discovered:
D:1:      heliophobic_arrival_battle_scene, layout_basic,
          shapermc_ecumenical_altar_totnotflames
D:2:      cheibrodos_pilgrimage, layout_loops_ring, serial_shops,
          nicolae_shop_stone, serial_glass, glass_columns_a, glass_columns_a,
          nicolae_shop_vocational
D:3:      layout_loops_ring, doesnt_xom_only_xom, minmay_guardbox
D:4:      layout_basic, uniq_robin
D:5:      layout_loops_cross, minmay_crystal_room
D:6:      layout_loops_ring, serial_shops, nicolae_shop_bloodbath_and_beyond,
          minmay_misc_feat_square, minmay_misc_feat_plants, uniq_pikel
D:7:      layout_cave_pools, overflow_temple_1_default,
          nicolae_ashenzari_panopticon, minmay_temple_entry_arrows,
          enter_bailey_6

Skill      XL: |  1  2  3  4  5  6  7  8  9 |
---------------+----------------------------+-----
Stealth        | 1 2 6 |  6.0
Fighting       | 3 4 6 |  6.6
Short Blades   | 3 4 6 |  6.0
Dodging        | 3 5 |  5.0
Armour         | 3 4 |  4.0
Evocations     | 5 |  5.0
Long Blades    | 2 4 |  4.5
Throwing       | |  1.7

Action                   |  1- 3 |  4- 6 |  7- 9 || total
-------------------------+-------+-------+-------++-------
Melee: Rapier            |   105 |    46 |    17 ||   168
       Punch             |       |     3 |     2 ||     5
       Short sword       |       |   116 |   245 ||   361
       Great sword       |       |       |    56 ||    56
Throw: Javelin           |       |     2 |     3 ||     5
       Throwing net      |       |     2 |     2 ||     4
       Boomerang         |       |     5 |       ||     5
       Dart              |       |     1 |       ||     1
  Use: Scroll            |     1 |     6 |     6 ||    13
       Potion            |       |       |     2 ||     2
 Stab: Sleeping          |     4 |     5 |     8 ||    17
Armor: Leather armour    |    42 |    33 |    56 ||   131
Dodge: Dodged            |    85 |    80 |   213 ||   378

Table legend: (Time is in decaauts)
 A = Elapsed time spent in this place.
 B = Non-inter-level travel time spent in this place.
 C = Inter-level travel time spent in this place.
 D = Time resting spent in this place.
 E = Time spent auto-exploring this place.
 F = Levels seen in this place.
 G = Mean time per level.
                   A        B        C        D        E       F      G
               +--------+--------+--------+--------+--------+-----+--------+
         Total |  11139 |  10732 |    407 |   4793 |   4351 |   8 | 1392.4 |
       Dungeon |   9770 |   9363 |    407 |   3751 |   4351 |   7 | 1395.7 |
        Bailey |   1369 |   1369 |      0 |   1042 |      0 |   1 | 1369.0 |
               +--------+--------+--------+--------+--------+-----+--------+

Top non-repeatable levels by time:
     D:5: 3280 daAuts
     D:3: 1518 daAuts
     D:6: 1441 daAuts
  Bailey: 1369 daAuts
     D:4: 1332 daAuts
     D:2: 1214 daAuts
     D:1: 754 daAuts
     D:7: 229 daAuts
